 Dungeon Crawl Stone Soup version 0.21-a0-401-g0b6bec4 (webtiles) character file.

5988 KristoblXynda the Destroyer (level 10, -2/69 HPs)
             Began as a White Draconian Conjurer on Oct 25, 2017.
             Was a Priest of Vehumet.
             Killed from afar by Erica (6 damage)
             ... with a bolt of poison
             ... on level 10 of the Dungeon.
             The game lasted 00:27:47 (11136 turns).

KristoblXynda the Destroyer (DrCj)                 Turns: 11136, Time: 00:27:47

Health: -2/69      AC: 11    Str: 12    XL:     10   Next: 55%
Magic:  15/22      EV: 14    Int: 17    God:    Vehumet [***...]
Gold:   587        SH:  0    Dex: 12    Spells: 15/26 levels left

rFire    . . .     SeeInvis +   q - +3 dagger (venom)
rCold    + . .     Gourm    .   (no shield)
rNeg     . . .     Faith    .   (armour unavailable)
rPois    +         Spirit   .   w - +1 hat {SInv}
rElec    +         Reflect  .   k - +2 cloak {rPois}
rCorr    .         Harm     .   (no gloves)
MR       +....                  (no boots)
Stlth    +++.......             (no amulet)
HPRegen  0.21/turn              s - ring of protection from magic
MPRegen  0.18/turn              m - ring of stealth

@: no status effects
A: breathe frost, unfitting armour, antennae 1, stinger 1, see invisible, cold
resistance 1, electricity resistance, cold-blooded, AC +7
a: Breathe Frost, Renounce Religion


You were on level 10 of the Dungeon.
You worshipped Vehumet.
Vehumet was most pleased with you.
You were hungry.

You visited 2 branches of the dungeon, and saw 11 of its levels.

You collected 587 gold pieces.

Inventory:

Hand Weapons
 q - a +3 dagger of venom (weapon)
 r - a +0 scimitar
 t - a +2 falchion of flaming
Missiles
 u - a throwing net (quivered)
Armour
 k - a +2 cloak of poison resistance (worn)
 w - a +1 hat of see invisible (worn)
Jewellery
 m - a ring of stealth (right hand)
 s - a ring of protection from magic (left hand)
Wands
 v - a wand of polymorph (12/24)
Scrolls
 g - a scroll of remove curse
 j - a scroll of recharging
 l - a scroll of amnesia
 o - a scroll of teleportation
Potions
 c - a potion of mutation
 d - 4 potions of haste
 e - a potion of berserk rage
 h - a potion of invisibility {unknown}
 p - 2 potions of curing
 x - a potion of might {unknown}
Books
 a - a book of Conjurations

   Spells                             Type                      Level
   a - Magic Dart                     Conjuration                  1
   b - Searing Ray                    Conjuration                  2
   c - Dazzling Spray                 Conjuration/Hexes            3
   d - Fulminant Prism                Conjuration/Hexes            4
   e - Force Lance                    Conjuration/Translocation    4
   f - Iskenderun's Mystic Blast      Conjuration                  4
Comestibles
 b - 11 bread rations
 f - 2 fruits
 i - 9 meat rations
 n - 3 royal jellies
 z - 4 chunks of flesh


   Skills:
 + Level 4.7 Long Blades
 - Level 5.5 Dodging
 - Level 1.7 Stealth
 - Level 5.0 Unarmed Combat
 + Level 8.8 Spellcasting
 + Level 10.1 Conjurations


You had 15 spell levels left.
You knew the following spells:

 Your Spells              Type           Power        Failure   Level  Hunger
a - Magic Dart            Conj           ####         1%          1    None
b - Dazzling Spray        Conj/Hex       ###...       1%          3    #......
c - Iskenderun's Mystic   Conj           #####...     1%          4    ###....
d - Mephitic Cloud        Conj/Pois/Air  ###.....     1%          3    #......


Dungeon Overview and Level Annotations

Branches:
Dungeon (10/15)            Temple (1/1) D:7            Lair (0/6) D:8
    Orc: D:9-12

Altars:
Ashenzari
Cheibriados
Dithmenos
Elyvilon
Fedhas
Gozag
Hepliaklqana
Kikubaaqudgha
Makhleb
Nemelex Xobeh
Okawaru
Qazlal
Ru
Sif Muna
Trog
Uskayaw
Vehumet
Wu Jian
Xom
Yredelemnul
Zin
The Shining One

Annotations:
D:10 Erica


Innate Abilities, Weirdness & Mutations

You can breathe waves of freezing cold.
You can buffet flying creatures when you breathe cold.
Your icy white scales are hard. (AC +7)
You cannot fit into any form of body armour.
Your flesh is cold resistant. (rC+)
You are cold-blooded and may be slowed by cold attacks.
You have a pair of small antennae on your head.
Your tail ends in a poisonous barb.
You have supernaturally acute eyesight. (SInv)
You are resistant to electric shocks. (rElec)


Message History

Anything else - Cancel.
Gang up on whom?
Press: ? - help, Dir - move target cursor, f/p - Erica
Aim: Erica, wielding a scimitar of flaming and wearing a glowing robe (lightly wounded, slightly transparent) Attack!
Erica closely misses Erica.
What are your orders? t - Shout!
Orders for allies: a - Attack new target. p - Attack previous target. r - Retreat! s - Stop attacking. g - Guard the area. f - Follow me.
Anything else - Cancel.
Gang up on whom?
Press: ? - help, Dir - move target cursor, f/p - Erica
Aim: Erica, wielding a scimitar of flaming and wearing a glowing robe (lightly wounded, slightly transparent) Attack!
Erica gestures at you while chanting.
The bolt of poison hits Erica.
Erica is poisoned.
The bolt of poison hits you! You resist.
You die...

#.. #...#.....# #
#...#.....#
#...#.....#
#...#.....#
#...#.....#
#.###.....#
#.......#####
#............
#...@........
#####+#..@.........
.......$@..).......
...................
..........)).######
...######[...# ..
#.)..# . #.......
#......?.


You could see Erica (invisible) and the friendly Erica (invisible).

Vanquished Creatures
  2 two-headed ogres
  A troll (D:9)
  A hippogriff (D:9)
  Sigmund (D:5)
  Duvessa (D:7)
  An orc warrior (D:10)
  5 ice beasts
  2 sky beasts
  7 ogres
  2 phantoms
  3 centaurs
  A big kobold (D:9)
  5 bullfrogs
  A wyvern skeleton (D:10)
  Dowan (D:7)
  2 scorpions
  10 killer bees (D:8)
  A howler monkey (D:6)
  4 crimson imps
  A quasit (D:6)
  A bullfrog zombie (D:7)
  A centaur zombie (D:5)
  2 orc priests
  6 hounds
  4 jellies
  Crazy Yiuf (D:6)
  A centaur skeleton (D:7)
  4 orc wizards
  Jessica (D:2)
  4 worker ants
  5 iguanas
  2 hound zombies
  A worker ant zombie (D:8)
  A howler monkey skeleton (D:7)
  10 adders
  A shadow imp (D:6)
  2 adder skeletons
  3 worms
  A dart slug (D:1)
  3 leopard geckos
  24 orcs
  A ball python (D:4)
  7 giant cockroaches
  2 gnoll zombies (D:9)
  6 goblins
  14 hobgoblins
  24 jackals
  7 kobolds
  3 quokkas
  7 bats
  3 frilled lizards
  A quokka skeleton (D:4)
  6 rats
211 creatures vanquished.

Vanquished Creatures (others)
  A quokka (D:10)
  7 fungi (D:8)
  5 plants (D:8)
13 creatures vanquished.

Grand Total: 224 creatures vanquished

Notes
Turn   | Place    | Note
-------+----------+-------------------------------------------
     0 | D:1      | KristoblXynda the Draconian Conjurer began the quest for the Orb.
     0 | D:1      | Reached XP level 1. HP: 14/14 MP: 3/3
   106 | D:1      | Reached XP level 2. HP: 17/20 MP: 0/5
   291 | D:1      | Reached skill level 1 in Unarmed Combat
   799 | D:2      | Found a glowing golden altar of the Shining One.
   809 | D:2      | Reached XP level 3. HP: 26/26 MP: 0/6
  1225 | D:2      | Reached XP level 4. HP: 33/33 MP: 8/8
  1361 | D:2      | Noticed Jessica
  1369 | D:2      | Killed Jessica
  1493 | D:2      | Learned a level 3 spell: Dazzling Spray
  1730 | D:3      | Found a burning altar of Makhleb.
  1793 | D:3      | Reached XP level 5. HP: 37/38 MP: 5/9
  1833 | D:3      | Found a hide-covered altar of Uskayaw.
  1835 | D:3      | Found an ornate altar of the Wu Jian Council.
  1836 | D:3      | Found a radiant altar of Vehumet.
  1856 | D:3      | Became a worshipper of Vehumet
  2028 | D:4      | Noticed an ogre
  2039 | D:4      | Killed an ogre
  2039 | D:4      | Reached skill level 5 in Conjurations
  2248 | D:4      | Reached XP level 6. HP: 33/45 MP: 8/11
  3298 | D:5      | Entered Level 5 of the Dungeon
  3323 | D:5      | Noticed an ice beast
  3338 | D:5      | Killed an ice beast
  3353 | D:5      | Noticed an ice beast
  3375 | D:5      | Killed an ice beast
  3375 | D:5      | Your scales start taking on an icy white colour.
  3375 | D:5      | Reached XP level 7. HP: 26/50 MP: 6/13
  3375 | D:5      | Gained mutation: Your flesh is cold resistant. (rC+) [White Draconian growth]
  3531 | D:5      | Learned a level 4 spell: Iskenderun's Mystic Blast
  3566 | D:5      | Noticed Sigmund
  3581 | D:5      | Killed Sigmund
  3581 | D:5      | Reached skill level 6 in Conjurations
  3790 | D:5      | Found an opulent altar of Gozag.
  4079 | D:5      | Found a glowing silver altar of Zin.
  4079 | D:5      | Found a shattered altar of Ashenzari.
  4084 | D:5      | Found a white marble altar of Elyvilon.
  4086 | D:5      | Found a faded altar of an unknown god.
  4088 | D:5      | Found a faded altar of an unknown god.
  4249 | D:6      | Reached skill level 5 in Unarmed Combat
  4249 | D:6      | Reached skill level 5 in Spellcasting
  4305 | D:6      | Reached * piety under Vehumet
  4305 | D:6      | Offered knowledge of Sting by Vehumet.
  4305 | D:6      | Reached XP level 8. HP: 17/57 MP: 7/15
  4962 | D:6      | Reached skill level 7 in Conjurations
  5163 | D:6      | Found a runed door.
  5168 | D:6      | Noticed Crazy Yiuf
  5180 | D:6      | Killed Crazy Yiuf
  5714 | D:7      | Found a staircase to the Ecumenical Temple.
  5723 | Temple   | Entered the Ecumenical Temple
  5868 | D:7      | Noticed a two-headed ogre
  6119 | D:7      | Noticed Duvessa
  6131 | D:7      | Gained mutation: Your system is resistant to poisons. (rPois) [potion of mutation]
  6131 | D:7      | Gained mutation: You occasionally shout uncontrollably at your foes. [potion of mutation]
  6131 | D:7      | Gained mutation: You are resistant to electric shocks. (rElec) [potion of mutation]
  6132 | D:7      | Noticed Dowan
  6132 | D:7      | Lost mutation: Your system is resistant to poisons. (rPois) [potion of mutation]
  6132 | D:7      | Lost mutation: You occasionally shout uncontrollably at your foes. [potion of mutation]
  6132 | D:7      | Gained mutation: Your magical capacity is low. (-10% MP) [potion of mutation]
  6132 | D:7      | Gained mutation: You have a pair of small antennae on your head. [potion of mutation]
  6132 | D:7      | Gained mutation: You are frail. (-10% HP) [potion of mutation]
  6132 | D:7      | Gained mutation: You have a pair of antennae on your head. [potion of mutation]
  6133 | D:7      | Lost mutation: Your magical capacity is low. (-10% MP) [potion of mutation]
  6133 | D:7      | Lost mutation: You are frail. (-10% HP) [potion of mutation]
  6133 | D:7      | Lost mutation: You have a pair of antennae on your head. [potion of mutation]
  6133 | D:7      | Gained mutation: Your tail ends in a poisonous barb. [potion of mutation]
  6133 | D:7      | Gained mutation: You have supernaturally acute eyesight. (SInv) [potion of mutation]
  6506 | D:7      | HP: 1/57 [two-headed ogre/giant spiked club (7)]
  6510 | D:7      | Killed a two-headed ogre
  6510 | D:7      | Reached skill level 8 in Conjurations
  6510 | D:7      | Reached XP level 9. HP: 2/62 MP: 4/19
  6908 | D:7      | Reached skill level 5 in Dodging
  6957 | D:7      | Killed Duvessa
  6959 | D:7      | Killed Dowan
  7029 | D:7      | Reached ** piety under Vehumet
  7077 | D:7      | Offered knowledge of Throw Frost by Vehumet.
  7156 | D:7      | Found a snail-covered altar of Cheibriados.
  7672 | D:7      | Found a shadowy altar of Dithmenos.
  8111 | D:8      | Reached skill level 1 in Long Blades
  8111 | D:8      | Reached skill level 9 in Conjurations
  8703 | D:8      | Noticed a two-headed ogre
  8813 | D:8      | Reached XP level 10. HP: 37/69 MP: 21/21
  8999 | D:8      | Killed a two-headed ogre
  9072 | D:8      | Offered knowledge of Mephitic Cloud by Vehumet.
  9077 | D:8      | Learned a level 3 spell: Mephitic Cloud
  9522 | D:8      | Found a staircase to the Lair.
  9593 | D:8      | Found a deep blue altar of Sif Muna.
  9607 | D:9      | Found a basalt altar of Yredelemnul.
  9632 | D:9      | Noticed an unseen horror
 10386 | D:9      | Noticed a deep elf mage
 10429 | D:9      | Reached skill level 10 in Conjurations
 10814 | D:9      | Reached *** piety under Vehumet
 10910 | D:10     | Entered Level 10 of the Dungeon
 11121 | D:10     | Noticed Erica
 11130 | D:10     | HP: 2/69 [Erica/orb of energy (21)]
 11136 | D:10     | Killed from afar by Erica

Vault maps used:
D:1:      dpeg_arrival_tiny_f
D:2:      overflow_temple_1_default, uniq_jessica
D:3:      makhleb_grotto_becter, gammafunk_temple_overflow_forgotten,
          first_bread
D:4:      kennysheep_generic_room_11
D:5:      chequers_temple_overflow_minitemple, kennysheep_little_box,
          kennysheep_big_empty_room, uniq_sigmund
D:6:      grunt_ministairs_1, kennysheep_cross_bottleneck,
          serial_bayou_crossing, uniq_crazy_yiuf_cottage
D:7:      corexii_shack_village, cheibrodos_worm_habitat, marbit_many_paths,
          minmay_temple_entry_large_hall, uniq_duvessa
D:8:      led_sif_pool, dpeg_oklobed_lair, grunt_ogre_cave
D:9:      minmay_the_grid_triangle_9x9_recursive_2,
          lemuel_zombie_altar_yredelemnul
D:10:     orc_0_dummy, nicolae_trove_entry_free_sample, elyvilon_altar_4,
          uniq_erica
Temple:   nicolae_temple_figure_zero

Skill      XL: |  1  2  3  4  5  6  7  8  9 10 |
---------------+-------------------------------+-----
Unarmed Combat | 1 2 3 4 5 |  5.0
Spellcasting   | 3 4 5 6 7 8 |  8.8
Conjurations   | 5 6 8 9 10 | 10.1
Dodging        | 2 4 5 |  5.5
Long Blades    | 2 4 |  4.7
Stealth        | |  1.7

Action                   |  1- 3 |  4- 6 |  7- 9 | 10-12 || total
-------------------------+-------+-------+-------+-------++-------
Melee: Unarmed           |    88 |     5 |       |       ||    93
       Tailslap          |     8 |    11 |    55 |    24 ||    98
       Dagger            |       |   150 |   337 |   161 ||   648
       Punch             |       |     1 |     7 |     1 ||     9
       Falchion          |       |       |    77 |     3 ||    80
 Cast: Magic Dart        |    52 |    37 |    15 |       ||   104
       Dazzling Spray    |       |    10 |    37 |    19 ||    66
       Iskenderun's Myst |       |       |    22 |     5 ||    27
 Abil: Breathe Frost     |       |       |     5 |     1 ||     6
Evoke: Wand              |       |       |     1 |     1 ||     2
       Phantom mirror    |       |       |       |     1 ||     1
  Use: Scroll            |       |     6 |    13 |     2 ||    21
       Potion            |       |       |     9 |     1 ||    10
 Stab: Distracted        |       |     1 |       |       ||     1
       Sleeping          |       |     1 |       |     4 ||     5
       Invisible         |       |       |     2 |     5 ||     7
  Eat: Chunk             |     2 |     6 |    19 |     4 ||    31
       Fruit             |       |     1 |     2 |     4 ||     7
       Royal jelly       |       |       |     2 |       ||     2
Armor: Skin              |    44 |    40 |   163 |    55 ||   302
Dodge: Dodged            |    73 |    90 |   381 |   132 ||   676
       Rpst.: Falchion   |       |       |    23 |     2 ||    25

Table legend:
 A = Spawn XP
 B = Non-spawn XP
 C = Spawn XP percentage of total XP
 D = Spawn monster count
 E = Non-spawn monster count
 F = Spawn count percentage of total count
 G = Total turns spent on level
                    A         B        C        D         E        F      G
               +---------+---------+-------+---------+---------+-------+---------
         Total |       0 |    8555 |   0.0 |       0 |     211 |   0.0 | 11136
               +---------+---------+-------+---------+---------+-------+---------
           D:1 |       0 |      27 |   0.0 |       0 |      15 |   0.0 |   691
           D:2 |       0 |     114 |   0.0 |       0 |      25 |   0.0 |   841
           D:3 |       0 |      84 |   0.0 |       0 |      13 |   0.0 |   474
           D:4 |       0 |     335 |   0.0 |       0 |      20 |   0.0 |  1292
           D:5 |       0 |     603 |   0.0 |       0 |       8 |   0.0 |   831
           D:6 |       0 |     917 |   0.0 |       0 |      20 |   0.0 |  1581
           D:7 |       0 |    2520 |   0.0 |       0 |      52 |   0.0 |  2270
           D:8 |       0 |    2299 |   0.0 |       0 |      26 |   0.0 |  1508
           D:9 |       0 |    1215 |   0.0 |       0 |      20 |   0.0 |  1304
          D:10 |       0 |     441 |   0.0 |       0 |      12 |   0.0 |   226
               +---------+---------+-------+---------+---------+-------+---------
